 Dungeon Crawl Stone Soup version 0.28-a0-589-g333b8329f1 (webtiles) character file.

Game seed: 14586450726716871333

1379 Demosthentine the Spear-Bearer (level 8, 0/64 HPs)
             Began as a Merfolk Gladiator on Oct 4, 2021.
             Was an Initiate of Elyvilon.
             Succumbed to a gnoll sergeant's poison
             ... on level 6 of the Dungeon.
             The game lasted 00:05:00 (5767 turns).

Demosthentine the Spear-Bearer (Merfolk Gladiator)  Turns: 5767, Time: 00:05:00

Health: 0/64       AC:  7    Str: 22    XL:     8   Next: 66%
Magic:  8/8        EV: 15    Int:  8    God:    Elyvilon [......]
Gold:   234        SH:  0    Dex: 15    Spells: 7/7 levels left

rFire   . . .      SeeInvis .   a - +0 trident (flame)
rCold   . . .      Faith    .   (no shield)
rNeg    . . .      Spirit   .   b - +0 leather armour
rPois   .          Reflect  .   c - +0 helmet
rElec   .          Harm     .   (no cloak)
rCorr   .          Rampage  .   r - +2 pair of gloves {Stlth+}
Will    .....                   (no boots)
Stlth   ++........              (no amulet)
HPRegen 0.20/turn               l - +6 ring of strength
MPRegen 0.11/turn               (no ring)

@: lethally poisoned (0 -> -6)
A: (nimble swimmer 2), mertail
a: Renounce Religion


You were on level 6 of the Dungeon.
You worshipped Elyvilon.
Elyvilon was noncommittal.
You visited 1 branch of the dungeon, and saw 6 of its levels.

You collected 234 gold pieces.

Inventory:

Hand Weapons
 a - a +0 trident of flaming (weapon)
Missiles
 d - 2 throwing nets (quivered)
Armour
 b - a +0 leather armour (worn)
 c - a +0 helmet (worn)
 r - a +2 pair of gloves of stealth (worn)
Jewellery
 l - a +6 ring of strength (left hand)
Wands
 n - a wand of iceblast (8)
Scrolls
 h - a scroll of enchant armour
 k - 3 scrolls of identify
 m - a scroll of teleportation
 o - a scroll of amnesia
 q - a scroll of fog
 s - a scroll of silence
Potions
 e - a potion of flight
 g - 5 potions of lignification
 i - a potion of mutation
 j - 2 potions of heal wounds
 p - 2 potions of might
 t - a potion of haste


   Skills:
 + Level 5.9 Fighting
 + Level 8.6 Polearms
 - Level 2.0 Throwing
 + Level 3.7 Armour
 + Level 7.9 Dodging


You had 7 spell levels left.
You didn't know any spells.
Your spell library contained the following spells:

 Spells                   Type           Power      Damage    Failure   Level
 Shock                    Conj/Air       0%         1d3       45%         1
 Corpse Rot               Necr/Air       N/A        N/A       58%         2
 Poisonous Vapours        Pois/Air       0%         N/A       58%         2
 Slow                     Hex            0%         N/A       58%         2
 Static Discharge         Conj/Air       0%         N/A       58%         2
 Confusing Touch          Hex            0%         N/A       83%         3
 Swiftness                Air            0%         N/A       83%         3
 Vampiric Draining        Necr           0%         2d6       83%         3
 Airstrike                Air            0%         N/A       99%         4
 Lightning Bolt           Conj/Air       0%         1d11      100%        5
 Maxwell's Capacitive Co  Air            0%         ∞         100%        8


Dungeon Overview and Level Annotations

Branches:
Dungeon (6/15)
 Temple: D:4-7

Altars:
Elyvilon
Fedhas
Gozag
Hepliaklqana
Makhleb
Nemelex Xobeh
Vehumet
Yredelemnul

Shops:
D:3 !*

Portals:
Sewer: D:6


Innate Abilities, Weirdness & Mutations

((You are quick and stealthy near water. (Stealth+, EV+, Speed+++)))
Your lower body shifts to a powerful aquatic tail in water.


Message History

The gnoll is severely wounded.
You feel very sick.
A gnoll comes into view. It is wielding a +0 club.
The gnoll sergeant completely misses you.
You completely miss the gnoll.
The gnoll is severely wounded.
You feel sick. The gnoll hits you with a +0 club.
The gnoll sergeant hits you but does no damage.
You are more poisoned.
Unknown command.
You hit the gnoll but do no damage.
The gnoll is severely wounded.
You feel very sick. The gnoll closely misses you.
The gnoll sergeant hits you from afar with a +3 spear of venom!
You are more poisoned.
Unknown command.
You puncture the gnoll! You burn the gnoll.
You kill the gnoll!
You feel very sick.
Unknown command.
You feel very sick.
You feel very sick.
A gnoll comes into view. It is wielding a +0 whip.
You feel sick.
The gnoll shouts!
You feel sick.
You feel sick.
You feel sick.
You feel sick.
You feel sick.
You feel sick.
The gnoll sergeant hits you from afar with a +3 spear of venom!
* * * LOW HITPOINT WARNING * * *
You are more poisoned.
Elyvilon protects you from harm!
* * * LOW HITPOINT WARNING * * *
You feel sick.
Unknown command.
You die...

####* #........g..)..#,
##...#####.............##*
#.....#................#*
*#.........o......##....#*
#...........g....###.....
##.......#................
##...#........g....#.###...
#....##...............#*..#
#.....†...@..........##....
##........................,,
#...........#.....#.......**
###<.............##.>.....,,
*#......<..............#.,,
*#.......##...........###,**
*#.....#####......#....# ****
#......,*,,.......#,...#****,
##.....**,,.......*,....,,,,,


You could see a gnoll sergeant, a gnoll and an orc.

Vanquished Creatures
  Menkaure (D:5)
  A black bear (D:5)
  An orc warrior (D:5)
  2 ice beasts (D:5)
  An ogre (D:5)
  A phantom (D:5)
  2 scorpions (D:5)
  2 water moccasin zombies (D:5)
  A bullfrog zombie (D:6)
  An orc priest (D:3)
  A centaur skeleton (D:4)
  3 hounds
  Terence (D:2)
  An iguana (D:5)
  2 orc wizards
  A hound zombie (D:5)
  A hound skeleton (D:4)
  2 gnolls
  7 adders
  A white imp (D:5)
  An ufetubus (D:5)
  An adder skeleton (D:4)
  A worm (D:2)
  A dart slug (D:1)
  15 orcs
  7 bats
  9 endoplasms
  3 giant cockroaches
  2 goblins (D:4)
  5 hobgoblins
  6 jackals
  2 quokkas (D:3)
  4 ball pythons
  4 frilled lizards
  5 kobolds
  5 rats
104 creatures vanquished.

Vanquished Creatures (others)
  A plant (D:1)
1 creature vanquished.

Grand Total: 105 creatures vanquished

Notes
Turn   | Place    | Note
-------+----------+-------------------------------------------
     0 | D:1      | Demosthentine the Merfolk Gladiator began the quest for the
                  | Orb.
     0 | D:1      | Reached XP level 1. HP: 16/16 MP: 1/1
    86 | D:1      | Reached XP level 2. HP: 23/23 MP: 2/2
   474 | D:1      | Reached XP level 3. HP: 28/28 MP: 3/3
   475 | D:1      | Found a faded altar of an unknown god.
   724 | D:1      | Reached skill level 5 in Polearms
   910 | D:2      | Reached skill level 1 in Armour
  1302 | D:2      | Reached XP level 4. HP: 25/34 MP: 4/4
  1426 | D:2      | Noticed Terence
  1447 | D:2      | Killed Terence
  1597 | D:2      | Reached skill level 5 in Dodging
  2295 | D:3      | Found Bolebaobb's Distillery.
  2443 | D:3      | Reached XP level 5. HP: 31/41 MP: 5/5
  3091 | D:3      | Found an opulent altar of Gozag.
  3122 | D:3      | Found Gozag's Platinum Reserve.
  3454 | D:4      | Reached skill level 6 in Polearms
  3558 | D:4      | Reached XP level 6. HP: 44/48 MP: 6/6
  3671 | D:4      | Found a sparkling altar of Nemelex Xobeh.
  3679 | D:4      | Found a radiant altar of Vehumet.
  3681 | D:4      | Found a hazy altar of Hepliaklqana.
  3681 | D:4      | Found a basalt altar of Yredelemnul.
  3683 | D:4      | Found a burning altar of Makhleb.
  3685 | D:4      | Found a blossoming altar of Fedhas.
  4106 | D:5      | Entered Level 5 of the Dungeon
  4242 | D:5      | Noticed Menkaure
  4249 | D:5      | Killed Menkaure
  4250 | D:5      | Reached XP level 7. HP: 55/55 MP: 7/7
  4293 | D:5      | Reached skill level 7 in Polearms
  4672 | D:5      | Reached skill level 5 in Fighting
  4929 | D:5      | Reached XP level 8. HP: 55/62 MP: 8/8
  4976 | D:5      | Found a white marble altar of Elyvilon.
  4991 | D:5      | Reached skill level 8 in Polearms
  5016 | D:5      | Became a worshipper of Elyvilon the Healer
  5744 | D:6      | Found a glowing drain.
  5764 | D:6      | HP: 2/64 [gnoll sergeant (7)]
  5765 | D:6      | Elyvilon protects you from harm!
  5767 | D:6      | Succumbed to a gnoll sergeant's poison

Illustrated notes

Levels and vault maps discovered:
D:1:      tarquinn_simple_flora_water_c, layout_basic,
          shapermc_ecumenical_altar_acropolis
D:2:      layout_basic, minmay_misc_feat_tiny, minmay_misc_feat_five,
          minivault_25, minmay_misc_feat_rows, kennysheep_potato, uniq_terence
D:3:      layout_basic, nicolae_gozag_zags_fifth_avenue, serial_glass,
          glass_columns_a, glass_columns_a, serial_shops, shop
D:4:      layout_loops_corners, minitemple
D:5:      layout_basic, elyvilon_altar_3, uniq_menkaure
D:6:      layout_cave_pools, gup_sewer_entry_glass, uniq_maggie, uniq_eustachio

Skill      XL: |  1  2  3  4  5  6  7  8 |
---------------+-------------------------+-----
Polearms       | 5 6 7 8 |  8.6
Armour         | 1 2 3 |  3.7
Fighting       | 3 4 5 |  5.9
Dodging        | 5 6 7 |  7.9
Throwing       | |  2.0

Action                   |  1- 3 |  4- 6 |  7- 9 || total
-------------------------+-------+-------+-------++-------
Melee: Trident           |   123 |   155 |   155 ||   433
       Tailslap          |       |       |     4 ||     4
Throw: Throwing net      |       |       |     2 ||     2
  Use: Scroll            |     3 |    11 |     2 ||    16
       Potion            |       |     1 |     1 ||     2
 Stab: Sleeping          |     2 |     1 |       ||     3
       Distracted        |       |     1 |     1 ||     2
Armor: Leather armour    |    23 |    38 |    39 ||   100
Dodge: Dodged            |    77 |    71 |    93 ||   241

Table legend: (Time is in decaauts)
 A = Elapsed time spent in this place.
 B = Non-inter-level travel time spent in this place.
 C = Inter-level travel time spent in this place.
 D = Time resting spent in this place.
 E = Time spent auto-exploring this place.
 F = Levels seen in this place.
 G = Mean time per level.
                   A        B        C        D        E       F      G
               +--------+--------+--------+--------+--------+-----+--------+
         Total |   5747 |   5620 |    127 |     32 |   4712 |   6 |  957.8 |
       Dungeon |   5747 |   5620 |    127 |     32 |   4712 |   6 |  957.8 |
               +--------+--------+--------+--------+--------+-----+--------+

Top non-repeatable levels by time:
     D:5: 1573 daAuts
     D:3: 1287 daAuts
     D:2: 987 daAuts
     D:4: 935 daAuts
     D:1: 898 daAuts
     D:6: 65 daAuts
